 Dungeon Crawl Stone Soup version 0.30.0-11-gf55b779eaf (webtiles) character file.

Game seed: 12145384075690002276

74 monsoonserge the Vexing (level 3, -5/27 HPs)
             Began as a Demigod Enchanter on May 17, 2023.
             Killed by divine providence
             ... invoked by an orc priest
              (12 damage)
             ... on level 2 of the Dungeon.
             The game lasted 00:07:32 (1670 turns).

monsoonserge the Vexing (Demigod Enchanter)         Turns: 1670, Time: 00:07:33

Health: -5/27      AC:  6    Str:  9    XL:     3   Next: 85%
Magic:  8/8        EV: 10    Int: 17    God:
Gold:   129        SH:  0    Dex: 18    Spells: 3/5 levels left

rFire   . . .        e - +1 sling (freeze)
rCold   . . .        (no shield)
rNeg    . . .        k - +0 ring mail
rPois   .            o - +0 helmet
rElec   .            (no cloak)
rCorr   .            (no gloves)
SInv    .            (no boots)
Will    .....        (no amulet)
Stlth   ++           (no ring)
HPRegen 0.24/turn    (no ring)
MPRegen 0.11/turn

%: no passive effects
@: no status effects
A: high MP 1, forlorn, divine attributes
a: no special abilities


You were on level 2 of the Dungeon.
You visited 1 branch of the dungeon, and saw 3 of its levels.

You collected 129 gold pieces.

Inventory:

Hand Weapons
 a - a +1 dagger
 e - a +1 sling of freezing (weapon)
Armour
 b - a +0 robe
 f - a +0 leather armour
 k - a +0 ring mail (worn)
 o - a +0 helmet (worn)
Scrolls
 g - a scroll of noise {unknown}
 h - a scroll of identify {unknown}
 l - a scroll of torment {unknown}
 m - a scroll of blinking {unknown}
 n - a scroll of immolation {unknown}
 p - a scroll of enchant weapon {unknown}
 q - 2 scrolls of teleportation {unknown}
Potions
 c - 2 potions of invisibility
 d - a potion of mutation {unknown}
 i - a potion of curing {unknown}
 j - a potion of brilliance {unknown}


   Skills:
 + Level 0.4 Fighting
 + Level 0.8 Short Blades
 + Level 1.7 Ranged Weapons
 * Level 1.1 Armour
 + Level 1.9 Dodging
 + Level 3.0 Stealth
 + Level 1.9 Spellcasting
 + Level 3.0 Hexes
 * Level 0.9 Ice Magic


You had 3 spell levels left.
You knew the following spells:

 Your Spells              Type           Power      Damage    Failure   Level
a - Ensorcelled Hibernat  Hex/Ice        16%        N/A       36%         2

Your spell library contained the following spells:

 Spells                   Type           Power      Damage    Failure   Level
 Confusing Touch          Hex            11%        N/A       43%         3
 Tukima's Dance           Hex            11%        N/A       43%         3
 Apportation              Tloc           2%         N/A       50%         1
 Necrotise                Necr           4%         1d4       50%         1
 Summon Small Mammal      Summ           4%         N/A       50%         1
 Dazzling Flash           Conj/Hex       12%        N/A       65%         3


Dungeon Overview and Level Annotations

Branches:
Dungeon (3/15)


Innate Abilities, Weirdness & Mutations

You have an increased reservoir of magic. (+10% MP)
You shall have no god before yourself.
Your divine heritage dramatically boosts your attributes as you level up.


Message History

Unknown command.
Fire: e) +1 sling (freeze)
Press: ? - help, Q - select action Shift-Dir - straight line You shoot a sling bullet.
The sling bullet hits the orc priest.
The sling bullet freezes the orc priest.
The orc priest is heavily wounded.
A ball python comes into view.
The orc priest mumbles some strange prayers to Beogh against you.
Beogh smites you!
The orc priest hits you but does no damage.
The ball python hisses angrily.
Fire: e) +1 sling (freeze)
Press: ? - help, Q - select action Shift-Dir - straight line You shoot a sling bullet.
The sling bullet closely misses the orc priest.
Unknown command.
Something hits you but does no damage. The orc priest closely misses you.
You climb upwards.
Reactivating autopickup.
There is a stone staircase leading down, spattered with blood here.
You shoot a sling bullet.
The sling bullet completely misses the orc priest.
Something hits you.
Deactivating autopickup; reactivate with Ctrl-A.
The orc priest barely misses you. Something hits you.
The orc priest hits you with a +0 dagger.
You shoot a sling bullet.
The sling bullet barely misses the orc priest.
You hear some strange, mumbled words.
A puff of flame appears from out of thin air!
The puff of flame hits you!
* * * LOW HITPOINT WARNING * * *
The orc priest barely misses you.
You shoot a sling bullet.
The sling bullet hits the orc priest but does no damage.
The orc priest is heavily wounded.
Something hits you but does no damage.
The orc priest mumbles some strange prayers to Beogh against you.
Beogh smites you!
You die...

##.....................# #.#
###..........#.#######.# #.#
# #...†........#.......# #.#
#
#####†#..###.#.###########.#
#######.#).###.#.# #.......#
.........#...#.#.# #.#######
.........#.#.....# #.#
...(....)#.##..)o# #.#
.........#.###.{@# #.#
...........###.#######.#
.........####..........#
.........####.....######
..................#
..................#
..#######.........##### ###
#.............#
#.............#


You could see an orc priest.

Vanquished Creatures
  2 adders (D:2)
  A worm (D:2)
  3 orcs
  7 bats
  An endoplasm (D:2)
  3 giant cockroaches
  2 hobgoblins (D:2)
  8 jackals
  4 kobolds
  3 quokkas
  A ball python (D:1)
  2 frilled lizards (D:1)
  5 goblins
  5 rats
47 creatures vanquished.

Notes
Turn   | Place    | Note
-------+----------+-------------------------------------------
     0 | D:1      | monsoonserge the Demigod Enchanter began the quest for the
                  | Orb.
     0 | D:1      | Reached XP level 1. HP: 14/14 MP: 5/5
   311 | D:1      | Reached XP level 2. HP: 20/20 MP: 7/7
   314 | D:1      | Learned a level 2 spell: Ensorcelled Hibernation
  1117 | D:2      | Reached skill level 1 in Ranged Weapons
  1126 | D:2      | Reached XP level 3. HP: 26/26 MP: 8/8
  1577 | D:2      | Reached skill level 1 in Armour
  1670 | D:2      | Killed from afar by an orc priest

Illustrated notes

Levels and vault maps discovered:
D:1:      dpeg_arrival_snail, layout_basic
D:2:      layout_basic, basic_altar, shapermc_ecumenical_altar_mp_ritualfount
D:3:      layout_loops_ring, nicolae_vehumet_altar_sigil, serial_shops,
          nicolae_shop_real_fake_doors, uniq_grinder, uniq_sigmund, uniq_terence

Skill      XL: |  1  2  3 |
---------------+----------+-----
Hexes          | 3 |  3.0
Stealth        | 3 |  3.0
Ranged Weapons | 1 |  1.7
Armour         | 1 |  1.1
Fighting       | |  0.4
Short Blades   | |  0.8
Dodging        | |  1.9
Spellcasting   | |  1.9
Ice Magic      | |  0.9

Action                     || total
---------------------------++-------
   Fire: Sling             ||   120
 Armour: Leather armour    ||     9
         Ring mail         ||    20
  Dodge: Dodged            ||    42
